 Dungeon Crawl Stone Soup version 0.30-a0-986-g7f2e898f52 (webtiles) character file.

Game seed: 13925918195923132356

64 dredge the Slasher (level 4, -1/35 HPs)
             Began as a Human Berserker on Apr 2, 2023.
             Was a Believer of Trog.
             Succumbed to Sigmund's poison
             ... on level 2 of the Dungeon.
             The game lasted 00:03:55 (1324 turns).

dredge the Slasher (Human Berserker)                Turns: 1324, Time: 00:03:55

Health: -1/35      AC: 11    Str: 20    XL:     4   Next: 32%
Magic:  4/4        EV:  8    Int:  7    God:    Trog [**....]
Gold:   71         SH:  0    Dex: 12    Spells: 3/3 levels left

rFire   . . .      SeeInvis .    a - +0 falchion
rCold   . . .      Faith    .    (no shield)
rNeg    . . .      Spirit   .    h - +0 chain mail {rPois}
rPois   +          Reflect  .    b - +0 helmet
rElec   .          Rampage  .    (no cloak)
rCorr   .                        (no gloves)
Will    .....                    c - +0 pair of boots Stlth
                                 (no amulet)
HPRegen 0.25/turn                (no ring)
MPRegen 0.09/turn                (no ring)

@: lethally poisoned (-1 -> -17)
A: no striking features
a: Renounce Religion, Berserk, Trog's Hand


You were on level 2 of the Dungeon.
You worshipped Trog.
Trog was pleased with you.
You visited 1 branch of the dungeon, and saw 2 of its levels.

You collected 71 gold pieces.

Inventory:

Hand Weapons
 a - a +0 falchion (weapon)
Armour
 b - a +0 helmet (worn)
 c - a +0 pair of boots (worn)
 h - a +0 chain mail of poison resistance (worn)
Scrolls
 d - 2 scrolls of fear {unknown}
 e - a scroll of noise {unknown}
Potions
 g - a potion of might {unknown}


   Skills:
 + Level 3.4 Fighting
 + Level 3.9 Long Blades
 + Level 2.3 Armour
 + Level 2.4 Dodging
 + Level 0.7 Stealth


You had 3 spell levels left.
You didn't know any spells.
Your spell library contained the following spells:

 Spells                   Type           Power      Damage    Failure   Level
 Summon Lightning Spire   Summ/Air       0%         N/A       100%        4
 Storm Form               Tmut/Air       0%         N/A       100%        7
 Maxwell's Capacitive Co  Air            0%         ∞         100%        8


Dungeon Overview and Level Annotations

Branches:
Dungeon (2/15)

Altars:
Nemelex Xobeh

Annotations:
D:2 Sigmund


Message History

Sigmund points at you and mumbles some strange words.
You are confused.
You bump into the rock wall.
Sigmund hits you but does no damage.
You are poisoned.
You feel sick.
You are too confused!
You are too confused!
You feel sick.
You bump into the rock wall.
You feel sick.
You feel sick.
You're too confused to move!
You feel less confused.
You feel sick.
Sigmund says, "Look into my eyes."
Sigmund points at you and mumbles some strange words.
You are confused.
You feel sick.
You are no longer poisoned.
Sigmund barely misses you.
You miss Sigmund.
Sigmund is lightly wounded.
Sigmund closely misses you. Sigmund attacks as you move away!
Sigmund hits you with a +0 scythe of venom.
You are poisoned.
You feel very sick.
You bump into the rock wall.
You feel sick.
Sigmund screams, "Die, monster!"
Sigmund mumbles some strange words.
Sigmund flickers and vanishes!
Deactivating autopickup; reactivate with Ctrl-A.
You bump into the rock wall.
You feel less confused.
You feel sick. Something hits you.
You feel sick. Something hits you but does no damage.
You hit something.
You feel sick.
You hit something.
You feel sick. Something hits you!
* * * LOW HITPOINT WARNING * * *
You are more poisoned.
You hit something but do no damage.
You die...

##########
#..@{....###.###
#.###..........#
#. #.##.###.#.#
#.###.##.# ###
#.....†..# ..#
#####.#### #.
#.# ##.## ..#+#
#.# #...# ##...
## #.# ##.####
##....


There were no monsters in sight!

Vanquished Creatures
  Robin (D:2)
  An adder (D:2)
  A worm (D:2)
  3 bats
  5 endoplasms
  11 goblins
  6 hobgoblins
  3 ball pythons
  2 frilled lizards
  3 kobolds
  3 rats (D:1)
39 creatures vanquished.

Notes
Turn   | Place    | Note
-------+----------+-------------------------------------------
     0 | D:1      | dredge the Human Berserker began the quest for the Orb.
     0 | D:1      | Reached XP level 1. HP: 18/18 MP: 1/1
   122 | D:1      | Reached XP level 2. HP: 16/24 MP: 2/2
   637 | D:2      | Found a sparkling altar of Nemelex Xobeh.
   713 | D:2      | Reached XP level 3. HP: 29/29 MP: 3/3
   773 | D:2      | Noticed Robin
   781 | D:2      | Killed Robin
   800 | D:2      | Reached XP level 4. HP: 16/35 MP: 4/4
   966 | D:2      | Reached ** piety under Trog
  1298 | D:2      | Noticed Sigmund
  1324 | D:2      | Succumbed to Sigmund's poison

Illustrated notes

Levels and vault maps discovered:
D:1:      dpeg_arrival_simpleton_a, layout_basic
D:2:      layout_loops_corners, basic_altar, minmay_misc_feat_tower,
          minmay_misc_feat_enclosed, uniq_robin, uniq_sigmund

Action                     |  1- 3 |  4- 6 || total
---------------------------+-------+-------++-------
  Melee: Falchion          |    87 |    42 ||   129
 Invoke: Berserk           |     1 |       ||     1
    Use: Potion            |     1 |       ||     1
   Stab: Sleeping          |     1 |       ||     1
 Armour: Animal skin       |     5 |       ||     5
         Ring mail         |    28 |     1 ||    29
         Chain mail        |       |    21 ||    21
  Dodge: Dodged            |    61 |    19 ||    80

Table legend: (Time is in decaauts)
 A = Elapsed time spent in this place.
 B = Non-inter-level travel time spent in this place.
 C = Inter-level travel time spent in this place.
 D = Time resting spent in this place.
 E = Time spent auto-exploring this place.
 F = Levels seen in this place.
 G = Mean time per level.
                   A        B        C        D        E       F      G
               +--------+--------+--------+--------+--------+-----+--------+
         Total |   1342 |   1300 |     42 |     27 |    938 |   2 |  671.0 |
       Dungeon |   1342 |   1300 |     42 |     27 |    938 |   2 |  671.0 |
               +--------+--------+--------+--------+--------+-----+--------+

Top non-repeatable levels by time:
     D:2: 708 daAuts
     D:1: 634 daAuts
